 Dungeon Crawl Stone Soup version 0.28-a0-500-g121bc3e445 (webtiles) character file.

Game seed: 14272443465305870448

798 speeev33 the Skirmisher (level 7, -6/64 HPs)
             Began as a Minotaur Fighter on Sept 20, 2021.
             Was an Initiate of Okawaru.
             Mangled by an orc warrior (15 damage)
             ... on level 4 of the Dungeon.
             The game lasted 00:05:42 (5244 turns).

speeev33 the Skirmisher (Minotaur Fighter)          Turns: 5244, Time: 00:05:42

Health: -6/64      AC: 10    Str: 28    XL:     7   Next: 58%
Magic:  6/6        EV:  8    Int:  5    God:    Okawaru [......]
Gold:   200        SH:  9    Dex: 10    Spells: 6/6 levels left

rFire   . . .      SeeInvis .   j - +2 falchion (vamp)
rCold   . . .      Faith    .   c - +0 buckler
rNeg    . . .      Spirit   .   g - +0 chain mail {rPois}
rPois   +          Reflect  +   (helmet restricted)
rElec   .          Harm     .   (no cloak)
rCorr   .          Rampage  .   (no gloves)
Will    .....                   (no boots)
Stlth   ..........              a - amulet of reflection
HPRegen 0.20/turn               k - +6 ring of strength
MPRegen 0.10/turn               d - ring of flight

@: flying
A: horns 2, retaliatory headbutt
a: Renounce Religion


You were on level 4 of the Dungeon.
You worshipped Okawaru.
Okawaru was noncommittal.
You visited 2 branches of the dungeon, and saw 6 of its levels.
You also visited: Sewer.

You collected 200 gold pieces.

Inventory:

Hand Weapons
 j - a +2 vampiric falchion (weapon)
Armour
 c - a +0 buckler (worn)
 g - a +0 chain mail of poison resistance (worn)
Jewellery
 a - an amulet of reflection (around neck)
 d - a ring of flight (right hand)
 k - a +6 ring of strength (left hand)
Wands
 l - a wand of acid (7)
Scrolls
 b - a scroll of teleportation {unknown}
 e - a scroll of amnesia
Potions
 f - 2 potions of curing
 h - 2 potions of attraction {unknown}
 i - 2 potions of flight


   Skills:
 + Level 6.9 Fighting
 + Level 6.2 Long Blades
 + Level 6.8 Armour
 - Level 4.0 Shields


You had 6 spell levels left.
You didn't know any spells.
Your spell library was empty.

Dungeon Overview and Level Annotations

Branches:
Dungeon (5/15)             Temple (1/1) D:4           Sewer (visited)

Altars:
Ashenzari
Dithmenos
Fedhas
Gozag
Hepliaklqana
Kikubaaqudgha
Nemelex Xobeh
Okawaru
Qazlal
Ru
Sif Muna
Wu Jian
Xom
The Shining One

Shops:
D:1 =

Annotations:
D:4 3 runed translucent doors, EmilyW's ghost, amateur MiFi
D:5 Blork the orc


Innate Abilities, Weirdness & Mutations

You have a pair of horns on your head.
You reflexively headbutt those who attack you in melee.


Message History

The orc warrior blocks your attack. You block the orc warrior's attack.
You barely miss the orc warrior. You block the orc warrior's attack.
You slash the orc warrior!
You feel better.
The orc warrior is moderately wounded.
The orc warrior hits you with a +0 falchion!
You hit the orc warrior but do no damage.
The orc warrior is moderately wounded.
You block the orc warrior's attack. The orc warrior blocks your attack.
Your headbutt misses the orc warrior.
The orc warrior is moderately wounded.
The orc warrior hits you with a +0 falchion!
You closely miss the orc warrior. You headbutt the orc warrior.
The orc warrior is heavily wounded.
The orc warrior hits you with a +0 falchion!
* * * LOW HITPOINT WARNING * * *
The orc warrior blocks your attack.
The orc warrior is heavily wounded.
You block the orc warrior's attack.
Okay, then.
You closely miss the orc warrior. You headbutt the orc warrior.
The orc warrior is heavily wounded.
The orc warrior hits you with a +0 falchion!
* * * LOW HITPOINT WARNING * * *
The orc warrior barely misses you.
Okay, then.
You feel better.
The orc warrior hits you with a +0 falchion.
* * * LOW HITPOINT WARNING * * *
The orc warrior blocks your attack.
The orc warrior is heavily wounded.
You block the orc warrior's attack.
You closely miss the orc warrior.
You headbutt the orc warrior, but do no damage.
The orc warrior is heavily wounded.
The orc warrior hits you with a +0 falchion!
* * * LOW HITPOINT WARNING * * *
The orc warrior blocks your attack.
The orc warrior is heavily wounded.
The orc warrior hits you with a +0 falchion!
You die...

......#...##.#.#.##.#
#...####.....#.#.##.#
......#............>#
..#...#..#####.#.####
#'#'###........#.#
..#.....########.#
..#.....# #.#
#####...# #o#
._#.....# #@#
..#.....## #.#
#+#+###..# #.#
..#...#..## #.#
......#...# #.#
#...####..# #.#
......#...# #.#
......#...# #.#######
.......##.# #.......#


You could see an orc warrior.

Vanquished Creatures
  Menkaure (D:4)
  A water moccasin (Sewer)
  An ogre (D:4)
  A sky beast (D:4)
  A necrophage (D:4)
  A gnoll sergeant (D:5)
  2 hounds
  A jelly (D:3)
  2 orc wizards (D:3)
  3 adders
  A worm (D:3)
  A dart slug (D:1)
  6 orcs
  7 ball pythons
  4 endoplasms
  4 giant cockroaches (D:1)
  2 goblins
  7 hobgoblins
  2 jackals (D:4)
  12 kobolds
  4 quokkas
  10 bats
  4 frilled lizards
  5 rats
83 creatures vanquished.

Notes
Turn   | Place    | Note
-------+----------+-------------------------------------------
     0 | D:1      | speeev33 the Minotaur Fighter began the quest for the Orb.
     0 | D:1      | Reached XP level 1. HP: 19/19 MP: 0/0
   393 | D:1      | Reached XP level 2. HP: 27/27 MP: 1/1
   969 | D:1      | Reached XP level 3. HP: 33/33 MP: 2/2
  1016 | D:1      | Found Wecsism's Jewellery Shoppe.
  1391 | D:2      | Found an ancient bone altar of Kikubaaqudgha.
  1572 | D:2      | Found a faded altar of an unknown god.
  1906 | D:3      | Reached XP level 4. HP: 38/41 MP: 3/3
  2042 | D:3      | Found a sparkling altar of Nemelex Xobeh.
  2168 | D:3      | Reached XP level 5. HP: 26/47 MP: 4/4
  2328 | D:3      | Found a glowing drain.
  2342 | Sewer    | Entered a sewer
  2383 | Sewer    | Noticed a water moccasin
  2389 | Sewer    | Killed a water moccasin
  2390 | Sewer    | Reached skill level 5 in Fighting
  2390 | Sewer    | Reached skill level 5 in Armour
  2568 | D:3      | Reached XP level 6. HP: 54/56 MP: 5/5
  2905 | D:3      | Found a faded altar of an unknown god.
  2905 | D:3      | Found a glowing golden altar of the Shining One.
  2913 | D:3      | Found an opulent altar of Gozag.
  2915 | D:3      | Found a shadowy altar of Dithmenos.
  2917 | D:3      | Found a faded altar of an unknown god.
  3372 | D:4      | Reached skill level 5 in Long Blades
  3401 | D:4      | Found a sacrificial altar of Ru.
  3717 | D:4      | Noticed a sky beast
  3731 | D:4      | Killed a sky beast
  3732 | D:4      | Reached XP level 7. HP: 44/63 MP: 6/6
  3977 | D:4      | Found a runed translucent gate.
  4010 | D:4      | Found a runed translucent gate.
  4010 | D:4      | Found a runed translucent gate.
  4011 | D:4      | Found an opulent altar of Gozag.
  4012 | D:4      | Noticed EmilyW's ghost (amateur MiFi)
  4089 | D:4      | Noticed Menkaure
  4098 | D:4      | Killed Menkaure
  4552 | D:4      | Found a staircase to the Ecumenical Temple.
  4557 | Temple   | Entered the Ecumenical Temple
  4611 | Temple   | Became a worshipper of Warmaster Okawaru
  5142 | D:5      | Entered Level 5 of the Dungeon
  5188 | D:5      | Noticed Blork the orc
  5244 | D:4      | Mangled by an orc warrior

Illustrated notes

Levels and vault maps discovered:
D:1:      sevenhm_arrival_forest_fort_large_2, layout_basic, serial_shops, shop
D:2:      layout_rooms, basic_altar, hellmonk_ecumenical_altar_lost_god,
          minivault_27
D:3:      layout_basic, mainiacjoe_overflow_paths,
          chequers_temple_overflow_minitemple, cheibrodos_sewer_entry_drain
D:4:      layout_basic, hangedman_ru_absence,
          minmay_temple_entry_drinking_statues, ebering_ghost_gozag,
          uniq_menkaure
D:5:      layout_basic, mainiacjoe_overflow_surrounded_room, st_stairs_5,
          roderic_lattice_a, sword_in_stone
Temple:   compressed_dpeg_triangle_lava_temple

Skill      XL: |  1  2  3  4  5  6  7 |
---------------+----------------------+-----
Fighting       | 4 5 6 |  6.9
Armour         | 4 5 6 |  6.8
Shields        | 4 |  4.0
Long Blades    | 3 4 5 6 |  6.2

Action                   |  1- 3 |  4- 6 |  7- 9 || total
-------------------------+-------+-------+-------++-------
Melee: Long sword        |    85 |    29 |       ||   114
       Headbutt          |    10 |    10 |     9 ||    29
       Falchion          |       |    52 |    56 ||   108
  Use: Scroll            |     4 |     3 |       ||     7
       Potion            |       |     1 |     2 ||     3
Armor: Scale mail        |    11 |       |       ||    11
       Chain mail        |    36 |    51 |    20 ||   107
Dodge: Dodged            |    34 |    33 |     8 ||    75
Block: Buckler           |    14 |    14 |    16 ||    44

Table legend: (Time is in decaauts)
 A = Elapsed time spent in this place.
 B = Non-inter-level travel time spent in this place.
 C = Inter-level travel time spent in this place.
 D = Time resting spent in this place.
 E = Time spent auto-exploring this place.
 F = Levels seen in this place.
 G = Mean time per level.
                   A        B        C        D        E       F      G
               +--------+--------+--------+--------+--------+-----+--------+
         Total |   5289 |   5130 |    159 |    707 |   3730 |   7 |  755.6 |
       Dungeon |   5006 |   4861 |    145 |    707 |   3545 |   5 | 1001.2 |
        Temple |     69 |     55 |     14 |      0 |     40 |   1 |   69.0 |
         Sewer |    214 |    214 |      0 |      0 |    145 |   1 |  214.0 |
               +--------+--------+--------+--------+--------+-----+--------+

Top non-repeatable levels by time:
     D:4: 1827 daAuts
     D:1: 1264 daAuts
     D:3: 1056 daAuts
     D:2: 780 daAuts
   Sewer: 214 daAuts
     D:5: 75 daAuts
  Temple: 69 daAuts
